Map: Abyssal Reef LE

Players

INnoVation - Winner!

  • Race: Terran Terran
  • Spawn Location: 5:00

Dark

  • Race: Zerg Zerg
  • Spawn Location: 11:00

Event: IEM XI Katowice - World Championship 2017

VOD

Have the link to the VOD?

Description

Time

  • Played on: March 3, 2017, 12:36 p.m.
  • Length: 17:11

All games in this series

Show
View Real Time Build Order
Export as new Build Order

INnoVation Terran - Winner!

Build Orders: Reaper Expand, Hellion Banshee, MMM Bio 

Get SALT Encoding   

  12  0:00  SCV  
  13  0:13  SCV  
  14  0:17  Supply Depot  
  14  0:25  SCV  
  14  0:27  Refinery  
  15  0:38  SCV  
  16  0:44  Barracks  
  16  0:50  SCV  
  17  1:02  SCV  
  18  1:14  SCV  
  19  1:30  Orbital Command  
  19  1:31  Reaper  
  20  1:43  Command Center  
  20  1:56  Factory  
  20  1:58  SCV  
  21  2:05  Barracks Reactor  
  21  2:11  SCV  
  21  2:15  Supply Depot  
  22  2:18  Refinery  
  22  2:23  SCV  
  23  2:37  SCV  
  24  2:43  Starport  
  24  2:45  Hellion x2  
  24  2:49  SCV  
  24  2:50  Barracks Tech Lab  
  29  2:58  Orbital Command  
  29  3:01  SCV  
  30  3:09  Hellion  
  30  3:11  Hellion  
  34  3:15  SCV  
  35  3:26  Banshee  
  38  3:29  SCV  
  38  3:31  SCV  
  39  3:37  Supply Depot  
  39  3:38  Barracks Tech Lab  
  39  3:42  SCV  
  39  3:44  SCV  
  41  3:54  SCV  
  38  3:56  SCV, Hellion x2  
  38  3:57  Stimpack  
  38  3:59  Marine  
  44  4:06  SCV  
  44  4:08  SCV  
  44  4:09  Supply Depot  
  46  4:16  Command Center  
  46  4:20  SCV x2  
  46  4:21  Marine  
  49  4:26  Barracks  
  49  4:31  Barracks  
  49  4:32  Starport Reactor  
  49  4:35  SCV x2  
  51  4:39  Marine  
  52  4:47  SCV  
  52  4:48  SCV  
  52  4:49  Engineering Bay  
  52  4:50  Engineering Bay  
  54  4:57  Marine  
  56  5:00  SCV x2  
  57  5:07  Supply Depot  
  57  5:12  SCV x2  
  57  5:13  Marine  
  57  5:14  Marine  
  57  5:16  Factory Reactor  
  57  5:17  Terran Infantry Armor Level 1, Terran Infantry Weapons Level 1  
  57  5:20  Starport Reactor, Refinery x2  
  58  5:25  Marine x2  
  58  5:26  Marine  
  61  5:28  Orbital Command  
  61  5:30  Marine, SCV x2  
  61  5:32  Marine  
  65  5:42  SCV x2  
  66  5:43  Marine x2  
  66  5:44  Marine  
  66  5:48  Marine  
  71  5:50  Marine  
  71  5:51  Orbital Command  
  71  5:54  Supply Depot, Widow Mine x2, SCV  
  71  5:55  SCV  
  71  5:56  Medivac  
  80  5:57  Medivac  
  80  5:58  Combat Shields  
  82  6:07  SCV x2  
  82  6:11  Marine  
  84  6:12  Supply Depot  
  84  6:15  Marine x4  
  84  6:16  SCV  
  90  6:19  SCV x2  
  90  6:22  Supply Depot  
  92  6:26  Armory  
  92  6:30  SCV  
  93  6:33  Marine x4, SCV x2, Medivac  
  101  6:43  Widow Mine x2  
  101  6:44  Marine, Supply Depot, Medivac  
  101  6:46  Supply Depot  
  108  6:47  SCV  
  109  6:55  Barracks  
  109  6:56  Barracks  
  109  7:05  Marine, SCV x3  
  109  7:06  Marine x4  
  101  7:13  Widow Mine x2  
  100  7:16  Terran Infantry Armor Level 2  
  100  7:17  SCV x3  
  100  7:18  Terran Infantry Weapons Level 2  
  101  7:23  Medivac  
  101  7:24  Medivac  
  101  7:29  Marine x3, SCV  
  108  7:30  Marine x2  
  108  7:36  Supply Depot  
  111  7:38  Supply Depot  
  111  7:42  Widow Mine x2, Barracks Reactor  
  111  7:43  Barracks Reactor  
  115  7:45  Barracks  
  115  7:46  Barracks  
  115  7:48  Barracks  
  115  7:53  Medivac x2  
  115  7:54  Refinery  
  115  7:55  Supply Depot  
  115  7:56  Marauder  
  115  7:57  Marine x2  
  115  7:58  Marine x2  
  124  8:05  Supply Depot x2  
  125  8:10  Widow Mine x2  
  129  8:17  Marine x4  
  129  8:18  Marauder  
  124  8:24  Medivac x2  
  121  8:30  Marine x3  
  121  8:31  Concussive Shells, Marine  
  121  8:33  Missile Turret, Marauder  
  127  8:34  Barracks Reactor  
  127  8:35  Marine x3, Barracks Reactor  
  127  8:40  Widow Mine x2  
  134  8:42  Missile Turret  
  134  8:43  Supply Depot  
  134  8:46  Marine, Marauder  
  134  8:48  Marine x4  
  137  8:52  Marine  
  137  8:54  Medivac x2  
  137  8:55  Marauder  
  148  8:57  Missile Turret  
  148  8:58  Marine x2  
  150  9:04  Marine  
  150  9:06  Marine x3  
  150  9:08  Widow Mine, Marauder  
  150  9:09  Widow Mine  
  160  9:16  Marauder  
  162  9:21  Marine x6  
  168  9:28  Supply Depot  
  168  9:29  Supply Depot, Marauder  
  172  9:36  Command Center  
  172  9:37  Marauder  
  171  9:38  Widow Mine  
  171  9:40  Terran Infantry Weapons Level 3, Widow Mine  
  171  9:41  Terran Infantry Armor Level 3  
  171  9:51  Marine x8, Marauder  
  170  9:59  Marauder, Medivac x2  
  138  10:00  Marine  
  138  10:01  Marine x3  
  136  10:08  Marine  
  136  10:09  Marine x5  
  136  10:13  Widow Mine  
  136  10:14  Widow Mine  
  138  10:17  Marine, Marauder  
  138  10:18  Marine x2  
  138  10:20  Marauder  
  145  10:26  Marine x2  
  145  10:27  Marine  
  148  10:29  Marine x2, Medivac x2  
  148  10:31  Marine  
  148  10:32  Marine  
  156  10:38  Marauder  
  156  10:39  Unknown x3  
  156  10:40  Unknown x4  
  156  10:41  Marine x2  
  156  10:42  Marine x2, Widow Mine x2  
  162  10:45  Unknown  
  166  10:57  Marine x5, Marauder  
  168  10:59  Medivac x2  
  168  11:00  Marauder  
  179  11:06  Supply Depot  
  179  11:07  Missile Turret  
  179  11:11  Widow Mine  
  179  11:12  Widow Mine  
  178  11:30  Marine x4  
  178  11:31  Marauder x2  
  149  11:37  Marine x3  
  149  11:38  Marine  
  123  11:40  Marine  
  123  11:41  Marine  
  123  11:42  Marine  
  123  11:44  SCV  
  123  11:45  SCV x2  
  123  11:46  Medivac  
  123  11:47  Widow Mine x2, Medivac  
  118  11:52  Marauder  
  118  11:53  Planetary Fortress  
  124  11:58  SCV x3  
  127  12:06  Missile Turret  
  127  12:09  Marine x7, Marauder  
  127  12:13  Marauder  
  137  12:17  Widow Mine x2  
  137  12:18  SCV x3  
  144  12:30  Supply Depot x2, SCV x3  
  144  12:31  Medivac  
  144  12:32  Medivac  
  144  12:33  Marauder  
  144  12:35  Marauder  
  144  12:36  Marine x8  
  161  12:39  Supply Depot, Marine x4  
  165  12:45  Missile Turret  
  165  12:46  Widow Mine x2  
  169  12:51  SCV  
  169  12:52  SCV  
  169  12:53  Marine  
  169  12:54  Marine  
  169  12:55  Marine, Marauder  
  169  12:56  Marauder  
  169  12:57  Orbital Command  
  178  13:09  Medivac x2  
  168  13:12  Marine  
  168  13:13  Marine x10  
  168  13:14  Widow Mine x2  
  168  13:16  Marine, Marauder  
  168  13:17  Marauder  
  188  13:22  Unknown x2  
  176  13:30  Marine  
  176  13:31  Marine x6  
  176  13:33  Marine x2  
  185  13:35  Marine  
  185  13:36  Marine x2  
  185  13:37  Marauder  
  185  13:39  Marauder  
  186  13:42  Medivac x2  
  186  13:48  Marine  
  189  13:49  Widow Mine x2  
  189  13:50  Marine  
  192  13:56  Marine x2  
  192  13:57  Marine x3  
  192  13:59  Marine  
  192  14:00  Marauder  
  192  14:01  Marauder  
  184  14:06  Marine x5  
  184  14:08  Marine  
  162  14:14  Marine x4  
  140  14:18  Medivac x2  
  140  14:20  Widow Mine x2  
  140  14:21  Marine  
  140  14:22  Marauder x2  
  140  14:23  Marine  
  150  14:24  Marine  
  150  14:25  Marine  
  150  14:26  Marine x2  
  154  14:33  Marine x3  
  154  14:34  Marine x3  
  142  14:39  Marine  
  142  14:41  Marine  
  142  14:42  Marine x2  
  142  14:43  Marauder x2  
  142  14:44  Marine x2  
  141  14:48  Widow Mine  
  141  14:49  Widow Mine  
  141  14:50  Medivac x2  
  141  14:51  Marine x3  
  150  14:52  Marine  
  150  14:53  Marine x2  
  150  14:56  Marine  
  150  14:59  Marine  
  155  15:01  Marine  
  155  15:02  Marine x3  
  155  15:05  Marauder x2, Orbital Command  
  163  15:08  Marine  
  163  15:09  Marine  
  165  15:16  Unknown  
  165  15:17  Widow Mine x2  
  165  15:18  Marine  
  165  15:19  Marine x4, Medivac  
  165  15:20  Medivac  
  178  15:26  Marauder x2  
  178  15:27  Marine x6  
  178  15:28  Marine  
  149  15:43  Marine  
  149  15:44  Marine x4  
  149  15:45  Marine x2  
  149  15:47  Marauder  
  149  15:48  Marauder  
  139  15:50  Widow Mine, Medivac x2  
  139  15:55  Widow Mine  
  139  15:56  Marine x5  
  150  15:59  Refinery  
  150  16:01  Marine x5, Refinery  
  155  16:09  Marine x2, Marauder x2  
  161  16:13  Marine  
  161  16:14  Marine x2  
  161  16:18  SCV x3  
  149  16:30  Marine, Marauder x2  
  134  16:33  Marine x2  
  134  16:34  Marine x3  
  134  16:35  SCV x2  
  134  16:36  SCV  
  128  16:47  SCV x2  
  128  16:49  Marine x2  
  128  16:50  Marine x5  
  128  16:51  Marine x5  
  128  16:52  Marine x2, SCV  
  142  16:54  Missile Turret, Refinery  
  142  16:55  Refinery  
  142  16:59  SCV x2  
Show
View Real Time Build Order
Export as new Build Order

Dark Zerg 

Build Orders: Hatch First, Muta Ling Bane 

Get SALT Encoding   

  12  0:00  Drone  
  13  0:12  Overlord  
  13  0:17  Drone  
  14  0:31  Drone x2  
  16  0:35  Drone  
  17  0:52  Hatchery  
  17  0:55  Drone  
  17  0:59  Drone  
  18  1:06  Extractor  
  17  1:15  Spawning Pool  
  17  1:16  Drone  
  17  1:19  Drone  
  18  1:28  Drone  
  19  1:39  Overlord  
  19  2:02  Zergling x4, Queen  
  19  2:03  Queen  
  19  2:04  Drone  
  19  2:08  Metabolic Boost  
  26  2:11  Zergling x2  
  27  2:16  Drone  
  27  2:22  Drone  
  29  2:29  Drone  
  30  2:36  Drone  
  30  2:38  Queen  
  30  2:42  Drone  
  33  2:48  Overlord  
  33  2:51  Drone  
  34  2:53  Drone  
  35  3:03  Drone  
  36  3:07  Overlord  
  36  3:11  Drone x4  
  36  3:12  Drone x2  
  42  3:14  Drone  
  42  3:30  Zergling x6  
  45  3:39  Lair  
  44  3:46  Drone  
  44  3:47  Drone x2  
  47  3:52  Drone x2  
  47  3:53  Drone x4  
  47  3:55  Hatchery  
  50  4:00  Roach Warren  
  50  4:01  Drone  
  50  4:02  Drone  
  51  4:08  Extractor  
  50  4:10  Extractor  
  50  4:11  Overlord  
  50  4:12  Drone  
  50  4:14  Queen  
  52  4:19  Spore Crawler  
  52  4:22  Spore Crawler  
  50  4:27  Drone x2  
  52  4:31  Drone x3  
  52  4:32  Drone x2  
  57  4:39  Overseer  
  57  4:42  Drone  
  57  4:44  Overseer, Overlord  
  58  4:48  Drone  
  58  4:49  Drone  
  58  5:00  Overlord  
  58  5:02  Overlord  
  58  5:06  Drone x2  
  58  5:07  Drone x4  
  61  5:11  Drone  
  61  5:12  Drone  
  65  5:20  Evolution Chamber x2  
  65  5:21  Drone x2  
  65  5:23  Queen  
  65  5:25  Drone x2  
  69  5:32  Drone x3  
  69  5:33  Baneling Nest, Drone x2  
  69  5:34  Drone  
  75  5:35  Drone  
  75  5:41  Drone x2  
  77  5:43  Drone  
  77  5:49  Spire, Extractor  
  76  5:51  Extractor  
  76  5:56  Zerg Melee Weapons Level 1  
  76  5:57  Zerg Ground Armor Level 1, Drone x4  
  75  5:59  Drone  
  75  6:01  Drone x2  
  82  6:06  Zergling x8  
  85  6:14  Zergling x8  
  89  6:18  Centrifical Hooks  
  89  6:21  Extractor  
  89  6:23  Drone  
  89  6:27  Zergling x2, Hatchery  
  89  6:28  Overlord x2  
  89  6:29  Overlord  
  89  6:41  Hatchery, Baneling x6  
  88  6:49  Zergling x12  
  94  6:55  Zergling x10  
  97  7:07  Zergling x4  
  95  7:14  Mutalisk x2  
  95  7:15  Mutalisk x6  
  106  7:18  Pneumatized Carapace  
  106  7:20  Overlord x3  
  106  7:23  Zerg Flyer Weapons Level 1  
  106  7:28  Baneling x4  
  106  7:40  Drone x7  
  106  7:42  Drone x3  
  116  7:46  Overlord  
  116  7:50  Queen  
  118  7:51  Baneling x2  
  118  7:52  Zergling x2, Drone x2  
  118  7:53  Zergling x6  
  118  7:54  Queen  
  126  8:00  Zergling x6  
  126  8:03  Zergling x8  
  126  8:05  Baneling x3  
  133  8:09  Zergling x6  
  136  8:17  Mutalisk x4  
  136  8:18  Mutalisk  
  145  8:21  Extractor  
  145  8:23  Mutalisk x3  
  150  8:31  Overlord x2  
  150  8:33  Zerg Melee Weapons Level 2, Baneling x4  
  150  8:43  Overlord  
  150  8:48  Overlord x3, Zerg Ground Armor Level 2  
  149  8:50  Zergling x2, Drone  
  149  8:51  Zergling x14  
  149  8:55  Baneling x5  
  158  8:56  Zergling x4  
  158  8:57  Baneling x2  
  158  8:58  Baneling  
  158  9:00  Zergling x6  
  158  9:01  Zergling x4  
  165  9:07  Zergling x14  
  172  9:13  Mutalisk x2  
  172  9:14  Mutalisk  
  178  9:20  Mutalisk  
  178  9:22  Zergling x14  
  185  9:27  Zergling x6  
  186  9:34  Baneling x12  
  186  9:37  Zergling x14  
  191  9:40  Zergling x6  
  190  9:49  Zergling x14  
  186  9:58  Zergling x14  
  162  10:04  Zergling x4  
  164  10:10  Zergling x12  
  167  10:17  Zergling x2  
  167  10:18  Zergling x2  
  167  10:21  Baneling x10  
  167  10:24  Zergling x2, Hatchery  
  167  10:25  Overlord, Baneling x9  
  167  10:26  Zergling x2, Overlord  
  167  10:28  Baneling x8  
  168  10:30  Zergling x6  
  168  10:33  Zergling x4  
  168  10:34  Baneling x3  
  173  10:36  Zergling x4  
  173  10:39  Zergling x10  
  180  10:46  Zergling x2  
  180  10:47  Zergling x6  
  180  10:49  Zergling x2  
  185  10:54  Zergling x8  
  185  10:55  Zergling x6  
  192  10:58  Baneling x13  
  192  11:01  Zergling x4  
  194  11:05  Zergling x10  
  199  11:15  Baneling x8  
  199  11:16  Baneling x4  
  199  11:18  Zergling x14  
  198  11:23  Baneling x3  
  168  11:35  Zergling x2  
  168  11:36  Zergling x22  
  155  11:43  Zergling x12  
  155  11:46  Drone  
  155  11:47  Infestation Pit, Drone x4  
  154  11:48  Drone x3  
  154  11:50  Zergling x2  
  154  11:51  Zergling x2  
  154  11:53  Baneling x3  
  154  11:54  Baneling x7  
  160  12:03  Drone  
  160  12:07  Zergling x10  
  166  12:12  Mutalisk x2  
  166  12:13  Mutalisk  
  166  12:14  Mutalisk x2  
  176  12:20  Mutalisk x2  
  176  12:21  Mutalisk  
  176  12:22  Mutalisk x2  
  178  12:28  Hive  
  178  12:29  Baneling x2  
  178  12:30  Baneling x2  
  178  12:31  Zergling x6  
  178  12:32  Baneling x3  
  178  12:34  Zergling x4  
  178  12:36  Zergling x6  
  186  12:43  Hatchery  
  185  12:48  Zergling x4  
  185  12:49  Zergling x10  
  192  12:51  Baneling x3  
  192  12:54  Baneling x4  
  192  12:59  Baneling x4  
  192  13:02  Zergling x2  
  192  13:03  Zergling x8  
  195  13:09  Zergling x24  
  195  13:12  Baneling x7  
  195  13:13  Zergling x2  
  195  13:17  Zergling x2  
  195  13:18  Zergling x4  
  196  13:26  Zergling x2  
  192  13:27  Zergling x4  
  192  13:28  Baneling x14  
  192  13:29  Zergling x8  
  192  13:30  Zergling x2  
  192  13:32  Baneling x7  
  196  13:40  Zergling x16  
  195  13:41  Zergling x4  
  195  13:47  Zergling x8  
  199  13:50  Zergling x2  
  199  13:52  Baneling x10  
  195  13:56  Zergling x6  
  195  13:57  Zergling x4  
  176  14:04  Zergling x16  
  160  14:10  Zergling x2  
  160  14:11  Zergling x12  
  160  14:15  Zergling x4  
  152  14:18  Zergling x2  
  152  14:19  Zergling x10  
  152  14:22  Baneling x4  
  152  14:23  Baneling x4  
  152  14:24  Zergling x4  
  157  14:26  Overseer  
  157  14:27  Zergling x4  
  157  14:28  Baneling x3  
  157  14:29  Zergling x2, Baneling  
  157  14:30  Zergling x2  
  162  14:31  Zergling x2  
  147  14:40  Mutalisk x2  
  147  14:41  Mutalisk  
  147  14:42  Zergling x10  
  147  14:44  Mutalisk x2  
  161  14:52  Ultralisk Cavern  
  160  14:53  Zergling x4  
  160  14:54  Baneling x3  
  160  14:57  Adrenal Glands  
  162  15:00  Zergling x2  
  162  15:01  Baneling x2  
  162  15:02  Baneling x2  
  162  15:06  Zergling x14  
  170  15:11  Zergling x10  
  173  15:16  Baneling  
  173  15:17  Baneling x5  
  173  15:19  Baneling x12  
  174  15:21  Zergling x2  
  174  15:25  Zergling x12  
  172  15:28  Zergling x4  
  164  15:35  Zergling x2  
  164  15:36  Zergling x16  
  149  15:44  Zergling x18  
  149  15:47  Zergling x6  
  150  15:50  Zergling x2  
  150  15:51  Baneling x10  
  150  15:52  Baneling x3  
  150  15:55  Baneling x3  
  150  15:58  Zergling x2, Overseer  
  151  16:05  Zergling x2  
  151  16:06  Zergling x8  
  151  16:24  Ultralisk  
  151  16:25  Zergling x18  
  150  16:32  Zergling x14  
  140  16:36  Zergling x4  
  128  16:42  Zergling x2  
  128  16:43  Zergling x2  
  132  16:55  Hatchery  

Tags
 
Add a new tag
Caveats
  • Supply blocks, unpowered buildings, or Contaminate may cause inaccurate times.
  • Supply counts are checked every 10 seconds.